[Event "*** Biggest EVER Titled Tuesday"]
[Site "Chess.com"]
[Date "2018.04.17"]
[Round "3"]
[White "toad"]
[Black "Makalexa"]
[Result "1-0"]
[WhiteElo "2219"]
[BlackElo "2106"]
[TimeControl "180+2"]
[EndTime "13:34:11 PDT"]
[Termination "toad won by resignation"]

1. d4 Nf6 2. c4 g6 3. g3 Bg7 4.
Bg2 c5 5. d5 d6 6. Nc3 O-O 7.
Nf3 a6 8. a4 Nbd7 9. O-O Rb8 10. Qc2 Nb6 11. b3 Bf5 12. Qa2 Ne4 13. Nxe4 Bxe4 14.
Bb2 Bxb2 15. Qxb2 Nd7 16. Ng5 Bxg2 17. Kxg2 h6 18. Ne4 b5 19. axb5 axb5 20. Qd2 bxc4 21.
bxc4 Kh7 22. Rfb1 Ne5 23. Qc3 Rxb1 24. Rxb1 f5 25. Nxc5 Qc8 26. Ne6 Rf7 27. c5 g5 28.
c6 f4 29. c7 Nd7 30. Qc2+ Kg8 31. Qg6+ 1-0

[Event "*** Biggest EVER Titled Tuesday"]
[Site "Chess.com"]
[Date "2018.04.17"]
[Round "3"]
[White "stalyansky"]
[Black "GadimbayliA"]
[Result "0-1"]
[WhiteElo "2126"]
[BlackElo "2384"]
[TimeControl "180+2"]
[EndTime "13:34:18 PDT"]
[Termination "GadimbayliA won on time"]

1. e4 e6 2. d4 d5 3. Nc3 Bb4 4. exd5 exd5 5. Bd3 Ne7 6. Qh5 Nbc6 7. a3 Bxc3+ 8. bxc3 Qd6 9. Ne2 Be6 10. Bf4 Qd7 11. h3 Bf5 12. Bxf5 Nxf5 13. Bxc7 g6 14. Qf3 Qxc7 15. Qxd5 O-O 16. O-O Nce7 17. Qf3 Rac8 18. Rab1 b6 19. d5 Rfd8 20. Rfd1 Qc5 21. g4 Ng7 22. Nf4 g5 23. Nh5 Nxh5 24. gxh5 Nxd5 25. c4 Nf4 26. Rb5 Rxd1+ 27. Qxd1 Nxh3+ 28. Kh2 Qxc4 29. Rf5 Qh4 0-1

[Event "*** Biggest EVER Titled Tuesday"]
[Site "Chess.com"]
[Date "2018.04.17"]
[Round "3"]
[White "josephymwale33"]
[Black "Triumphmate"]
[Result "0-1"]
[WhiteElo "2120"]
[BlackElo "2168"]
[TimeControl "180+2"]
[EndTime "13:34:18 PDT"]
[Termination "Triumphmate won by resignation"]

1. d4 Nf6 2. c4 e6 3. Nf3 d5 4. g3 Be7 5. Bg2 O-O 6. O-O dxc4 7. Ne5 c5 8. dxc5 Bxc5 9. Nxc4 Qe7 10. Nc3 Rd8 11. Qb3 Nc6 12. Bg5 Nd4 13. Qa4 Bd7 14. Qd1 Bc6 15. Qc1 Bb4 16. Bxc6 Bxc3 17. Qe3 bxc6 18. bxc3 Nc2 19. Qf3 Nxa1 20. Rxa1 h6 21.
Be3 Nd5 22. Bd4 f6 23. e4 Nc7 24. Qe3 e5 25. Bc5 Qe6 26. Nd2 Nb5 27. Nf3 Rd7 28.
Nh4 Rad8 29. Nf5 Rd3 30. Qe2 R8d7 31. Qg4 Kh7 32. h4 g6 33. h5 gxf5 34. Qg6+ Kh8 35. a4 Nxc3 36. Bf8 Qf7 37. Qxh6+ Kg8 38. Bc5 Nxe4 39.
Be3 Qg7 0-1

[Event "*** Biggest EVER Titled Tuesday"]
[Site "Chess.com"]
[Date "2018.04.17"]
[Round "3"]
[White "timator"]
[Black "PrinceMurad09"]
[Result "1-0"]
[WhiteElo "2360"]
[BlackElo "2342"]
[TimeControl "180+2"]
[EndTime "13:34:19 PDT"]
[Termination "timator won by resignation"]

1. Nf3 Nf6 2. g3 d5 3. Bg2 g6 4. O-O Bg7 5. d4 O-O 6. c4 dxc4 7. Na3 c6 8. Nxc4 Nbd7 9. b3 Nb6 10. Bb2 Be6 11. Nfe5 Bd5 12. e3 Bxg2 13. Kxg2 Qd5+ 14. Qf3 Rfd8 15. Rac1 Qxf3+ 16. Kxf3 Nfd5 17. a4 f6 18. Nd3 e6 19. Ke2 Bf8 20. Na5 Rd7 21. Rfd1 Bb4 22. Nc4 Be7 23. Nc5 Bxc5 24. dxc5 Nxc4 25. bxc4 Rad8 26.
cxd5 exd5 27. Bxf6 Re8 28. Bd4 Rf7 29. Rb1 a6 30.
Rb6 Ree7 31. a5 h6 32. Rb2 g5 33.
f4 g4 34. Kd3 Kh7 35. Be5 Rd7 36. Rb4 Kg6 37. Rd4 Kf5 38. Kc3 Rde7 39. Re1 h5 40.
e4+ dxe4 41. Rdxe4 Re6 42. Rd4 Rh7 43. Red1 h4 44. Rd7 hxg3 45. Rxh7 g2 46. Rg1 Ke4 47. Rxg2 Kf3 48. Rg3+ Kf2 49. Rxg4 1-0

[Event "*** Biggest EVER Titled Tuesday"]
[Site "Chess.com"]
[Date "2018.04.17"]
[Round "3"]
[White "Godzillator"]
[Black "AndrewDGreen"]
[Result "1-0"]
[WhiteElo "2284"]
[BlackElo "2140"]
[TimeControl "180+2"]
[EndTime "13:34:20 PDT"]
[Termination "Godzillator won by resignation"]

1. d4 Nf6 2. c4 c5 3. d5 e5 4. Nc3 d6 5. e4 Nbd7 6. Bd3 Be7 7. Nge2 Nf8 8. f3 h5 9. Be3 h4 10. Qd2 Ng6 11. O-O-O Bd7 12. g3 Nh5 13. f4 exf4 14. gxf4 Qc7 15. Rhg1 a6 16. e5 dxe5 17. Bxg6 fxg6 18.
d6 Bxd6 19. Qxd6 Qxd6 20. Rxd6 exf4 21. Nxf4 Nxf4 22. Bxf4 Bf5 23. Nd5 O-O 24. Ne7+ Kh7 25. Nxf5 Rxf5 26. Bd2 Raf8 27. Rdxg6 Rf1+ 28. Kc2 Rxg1 29. Rxg1 Rf2 30. h3 Rf3 31. Bc3 g6 32. Rh1 g5 33.
Kb3 Kg6 34. Ka4 b6 35. Be5 Rf2 36. Ka3 Kf5 37. Bc7 b5 38. Bb6 b4+ 39. Kb3 Rf3+ 40. Ka4 Rf2 41. Bxc5 Rxb2 42. Bxb4 Rxa2+ 43. Kb3 Rf2 44.
c5 Ke4 45. c6 Rf6 46. Rc1 Rf8 47. Bxf8 1-0

[Event "*** Biggest EVER Titled Tuesday"]
[Site "Chess.com"]
[Date "2018.04.17"]
[Round "3"]
[White "Flawless2018"]
[Black "JosefineHeinemann"]
[Result "0-1"]
[WhiteElo "2473"]
[BlackElo "2381"]
[TimeControl "180+2"]
[EndTime "13:34:20 PDT"]
[Termination "JosefineHeinemann won by resignation"]

1. e4 e6 2. d4 d5 3. Nc3 Nf6 4. Bg5 Bb4 5. e5 h6 6. Be3 Ne4 7.
Ne2 a6 8. a3 Nxc3 9. Nxc3 Be7 10. Qg4 g5 11. h4 h5 12. Qg3 g4 13. O-O-O Nd7 14. f3 Rg8 15. f4 c5 16. dxc5 Nxc5 17. f5 Qc7 18. Bxc5 Qxc5 19. f6 Bf8 20.
Na4 Qc7 21. Qb3 b5 22. Nc3 Rb8 23. Rxd5 exd5 24. Nxd5 Qxe5 25. Be2 Be6 26. Re1 Bh6+ 27. Kb1 Bxd5 28. Qxd5 0-1

[Event "*** Biggest EVER Titled Tuesday"]
[Site "Chess.com"]
[Date "2018.04.17"]
[Round "3"]
[White "savinspm"]
[Black "alturas_pacificas"]
[Result "1-0"]
[WhiteElo "2024"]
[BlackElo "2173"]
[TimeControl "180+2"]
[EndTime "13:34:25 PDT"]
[Termination "savinspm won by resignation"]

1. e4 e5 2. Nf3 Nf6 3. Nxe5 d6 4. Nf3 Nxe4 5. Qe2 Qe7 6. d3 Nf6 7. Bg5 Nbd7 8. Nbd2 Qxe2+ 9. Bxe2 Be7 10. d4 O-O 11. O-O h6 12. Bh4 Re8 13. Bd3 Nf8 14. c3 Bg4 15. h3 Bh5 16. Rfe1 Bg6 17. Bc4 d5 18. Bb3 c6 19. Ne5 Bh7 20. Ndf3 Ng6 21. Nxg6 Bxg6 22. Ne5 Bf5 23. g4 Be4 24. f3 Bh7 25. Kg2 Rad8 26. Bf2 Nd7 27. Nxd7 Rxd7 28. Bh4 Kf8 29. Bg3 Bd6 30.
Rxe8+ Kxe8 31. Re1+ Kd8 32. Bxd6 Rxd6 33. Bd1 g5 34. Kg3 Rf6 35. h4 Kd7 36. hxg5 hxg5 37. Re5 Rh6 38. Rxg5 Rh1 39. Rh5 Rxd1 40. Rxh7 Ke6 41.
Rh2 a5 42. a3 a4 43. Kf4 Rb1 44. g5 b6 45. Re2+ Kd7 46. Kf5 c5 47. Kf6 Rf1 48. Re3 Rf2 49. Kxf7 Rxb2 50. g6 Rg2 51. g7 cxd4 52.
cxd4 Kc6 53. g8=Q Rxg8 54. Kxg8 Kb5 55. Rc3 Ka5 56. Kf7 b5 57. Ke6 b4 58. axb4+ Kxb4 59. Rc1 a3 60. Kxd5 Kb3 61. f4 Kb2 62. Rh1 a2 63. f5 1-0

[Event "*** Biggest EVER Titled Tuesday"]
[Site "Chess.com"]
[Date "2018.04.17"]
[Round "3"]
[White "metra93"]
[Black "RojonR"]
[Result "1-0"]
[WhiteElo "2312"]
[BlackElo "2399"]
[TimeControl "180+2"]
[EndTime "13:34:25 PDT"]
[Termination "metra93 won on time"]

1. e4 c5 2. Nf3 Nc6 3. Bb5 e6 4. O-O Nge7 5. Re1 a6 6. Bxc6 Nxc6 7. d4 cxd4 8. Nxd4 Be7 9. Nxc6 bxc6 10. Qg4 Kf8 11.
Qg3 h5 12. Nc3 h4 13. Qe3 h3 14. g3 d5 15. Ne2 e5 16. Bd2 d4 17. Qd3 a5 18. c4 a4 19. f4 f6 20. f5 Qb6 21.
Rab1 Ba6 22. b4 axb3 23. axb3 c5 24. Nc1 Kf7 25. Qc2 Bb7 26. Nd3 1-0

[Event "*** Biggest EVER Titled Tuesday"]
[Site "Chess.com"]
[Date "2018.04.17"]
[Round "3"]
[White "ViktorMatviishen"]
[Black "Rikikits"]
[Result "0-1"]
[WhiteElo "2511"]
[BlackElo "2582"]
[TimeControl "180+2"]
[EndTime "13:34:29 PDT"]
[Termination "Rikikits won by resignation"]

1. d4 f5 2. c4 Nf6 3. g3 e6 4.
Bg2 Bb4+ 5. Nd2 O-O 6. Nf3 Nc6 7. O-O d5 8. c5 Bxd2 9. Bxd2 Ne4 10. h4 h6 11. b4 Qf6 12. Bf4 g5 13. hxg5 hxg5 14. Bxc7 Rf7 15. Be5 Qh6 16. e3 Rh7 17.
b5 Nxe5 18. dxe5 Bd7 19. Rc1 Bxb5 20. Re1 Be8 21. Qb3 Bh5 22. Nd4 Bg4 23. Kf1 Qh2 24.
c6 Bh3 25. Ke2 Qxg2 26. Rf1 Nxg3+ 27. Kd3 Nxf1 28. cxb7 Qe4+ 29. Ke2 Rf8 30. b8=Q Rf7 31. Rc8 f4 32. Rxf8+ Rxf8 33. Qd6 fxe3 34. Qxf8+ Kxf8 35. Qb8+ Kg7 36. Qc7+ Kg6 0-1

[Event "*** Biggest EVER Titled Tuesday"]
[Site "Chess.com"]
[Date "2018.04.17"]
[Round "3"]
[White "Grootneus"]
[Black "Eliwood44"]
[Result "1-0"]
[WhiteElo "2105"]
[BlackElo "2136"]
[TimeControl "180+2"]
[EndTime "13:34:37 PDT"]
[Termination "Grootneus won by resignation"]

1. e4 e5 2. Nf3 Nc6 3. Bb5 a6 4. Ba4 Nf6 5. d3 d6 6. c3 g6 7. O-O Bg7 8. Nbd2 O-O 9. d4 b5 10. Bc2 Nd7 11. a4 Bb7 12. Re1 Re8 13. Nf1 Nf6 14.
d5 Ne7 15. Qe2 c6 16. dxc6 Bxc6 17. Bg5 h6 18. Bh4 g5 19. Bg3 Qc7 20. Rad1 Ng6 21.
Ne3 Nxe4 22. Nf5 Nxg3 23. hxg3 Rad8 24. Nh2 Bf8 25. Ng4 Bd7 26. Nf6+ Kh8 27. Nxe8 Rxe8 28. Qh5 Bxf5 29. Bxf5 Kg7 30. axb5 axb5 31. Bxg6 fxg6 32. Qe2 Qc4 33. Qxc4 bxc4 34. Re4 Rb8 35. Rd2 d5 36. Rxe5 1-0

[Event "*** Biggest EVER Titled Tuesday"]
[Site "Chess.com"]
[Date "2018.04.17"]
[Round "3"]
[White "Cecile-Haussernot"]
[Black "TBergh98"]
[Result "0-1"]
[WhiteElo "2312"]
[BlackElo "2241"]
[TimeControl "180+2"]
[EndTime "13:34:39 PDT"]
[Termination "TBergh98 won by resignation"]

1. e4 e5 2. Nf3 Nc6 3. Bb5 Nf6 4. d3 Bc5 5. O-O Qe7 6. c3 a6 7. Ba4 b5 8. Bc2 h6 9. a4 Bb7 10. d4 Bb6 11. Re1 d6 12. d5 Nd8 13. b3 O-O 14. c4 bxc4 15. bxc4 a5 16. Be3 Bxe3 17. Rxe3 Ba6 18. Bd3 Nb7 19. Nh4 g6 20.
Rh3 Nc5 21. Qd2 Nfxe4 22. Qxh6 Qg5 23. Qxg5 Nxg5 24. Rg3 Nxd3 25. Rxd3 Bxc4 26. Rd1 Rab8 27.
Na3 Bb3 28. Rdc1 Bxd5 29. Rxc7 Rb4 30. g3 Rxa4 31. Rcc1 Rb8 32. Nc2 Rxa1 33. Rxa1 Rb5 34.
Ne3 Bb7 35. Nc4 Nh3+ 36. Kf1 Rd5 37. Nxa5 Ba6+ 38. Kg2 Ng5 39. Nb3 Bb7 40. Kg1 Rb5 41.
Na5 Rb2 42. Nxb7 Rxb7 43. Ra6 Rd7 44. Ng2 Nf3+ 45. Kh1 d5 46. Ne3 d4 47. Nd1 Rc7 48. Kg2 e4 49. Ra8+ Kg7 50. Re8 f5 51. h3 Rc2 52. Rd8 Rd2 0-1

[Event "*** Biggest EVER Titled Tuesday"]
[Site "Chess.com"]
[Date "2018.04.17"]
[Round "3"]
[White "jcibarra"]
[Black "EndgameGrinder"]
[Result "1-0"]
[WhiteElo "2624"]
[BlackElo "2494"]
[TimeControl "180+2"]
[EndTime "13:34:40 PDT"]
[Termination "jcibarra won by resignation"]

1. e4 c5 2. Nf3 e6 3. c3 Nf6 4. e5 Nd5 5. d4 cxd4 6. cxd4 d6 7.
a3 g6 8. Bg5 Qb6 9. Nbd2 h6 10.
Nc4 Qc7 11. Bd2 Nc6 12. Rc1 g5 13. h3 Bd7 14. Bd3 O-O-O 15. b4 a6 16. a4 Kb8 17. b5 Ncb4 18. Be4 axb5 19. Nxd6 Bxd6 20. Rxc7 Bxc7 21. axb5 Bxb5 22. Qb3 Bc6 23. O-O f5 24. exf6 Nxf6 25. Bxc6 Nxc6 26. Rb1 b6 27. Qxe6 Rd6 28. Qa2 Nd5 29. Ra1 Kc8 30. Qa8+ Nb8 31. Ne5 Re8 32. Rc1 Kd8 33. Nf7+ Ke7 34. Nxd6 Kxd6 35. Qb7 Re2 36. Bb4+ Nxb4 37. Qxc7+ 1-0

[Event "*** Biggest EVER Titled Tuesday"]
[Site "Chess.com"]
[Date "2018.04.17"]
[Round "3"]
[White "2165149677570"]
[Black "KRASAVCHIK2002"]
[Result "1-0"]
[WhiteElo "2145"]
[BlackElo "1989"]
[TimeControl "180+2"]
[EndTime "13:34:41 PDT"]
[Termination "2165149677570 won by resignation"]

1. e4 c5 2. Nf3 d6 3. Bb5+ Bd7 4. Bxd7+ Qxd7 5. c4 Nf6 6. Nc3 g6 7. d4 cxd4 8. Nxd4 Bg7 9. f3 O-O 10. O-O Rc8 11.
b3 d5 12. Nxd5 Nxd5 13. exd5 e6 14. Bb2 exd5 15. cxd5 Qxd5 16. Kh1 Rd8 17. Qe2 Bxd4 18. Rad1 Nc6 19. Rd3 Qe6 20. Qxe6 fxe6 21. Ba3 Kf7 22.
f4 Bb6 23. Rh3 h5 24. g4 hxg4 25. Rh7+ Kf6 26. Bb2+ Bd4 27. Ba3 Rh8 28. Rxb7 g3 29. Kg2 gxh2 30. Rc7 Rac8 31. Rd7 Rhd8 32. Rh7 Bg1 33.
Bb2+ Kf5 34. Kg3 Rd3+ 35. Rf3 Rxf3+ 36. Kxf3 Nd4+ 37. Kg3 Ne2+ 38. Kf3 Nd4+ 39. Kg3 Rc2 40. Ba1 Rxa2 41. Bc3 Rc2 42. Ba1 Ne2+ 43. Kf3 Bd4 44. Rf7+ 1-0

[Event "*** Biggest EVER Titled Tuesday"]
[Site "Chess.com"]
[Date "2018.04.17"]
[Round "3"]
[White "Sanan_Sjugirov"]
[Black "GrigorGrigorov"]
[Result "1-0"]
[WhiteElo "2821"]
[BlackElo "2661"]
[TimeControl "180+2"]
[EndTime "13:34:45 PDT"]
[Termination "Sanan_Sjugirov won by resignation"]

1. e4 g6 2. d4 Bg7 3. Nc3 c6 4. f4 d5 5. e5 Nh6 6. Nf3 f6 7. Be3 Bg4 8. h3 Bxf3 9. Qxf3 O-O 10. exf6 exf6 11. g4 f5 12. O-O-O Nd7 13. Bd3 b5 14. Ne2 Nb6 15. Ng3 Nc4 16. gxf5 Nxf5 17. Nxf5 gxf5 18.
Rhg1 Kh8 19. Rg5 Qd7 20. Rdg1 Bh6 21. R5g2 Rae8 22. Bxc4 bxc4 23. Qh5 Qd6 24. Rg6 Qe7 25.
Bd2 hxg6 26. Rxg6 1-0

[Event "*** Biggest EVER Titled Tuesday"]
[Site "Chess.com"]
[Date "2018.04.17"]
[Round "3"]
[White "Vugar_Manafov"]
[Black "Princec7"]
[Result "1-0"]
[WhiteElo "2300"]
[BlackElo "2376"]
[TimeControl "180+2"]
[EndTime "13:34:46 PDT"]
[Termination "Vugar_Manafov won by checkmate"]

1. Nf3 c5 2. g3 d5 3. Bg2 Nf6 4.
O-O e6 5. d3 Nc6 6. Nc3 Be7 7.
e4 O-O 8. h3 b6 9. Re1 Bb7 10.
Bf4 Rc8 11. e5 Nd7 12. h4 a6 13. a4 d4 14. Ne4 Nb4 15. Qd2 Nd5 16. Bg5 Bxg5 17. hxg5 Qc7 18. Nf6+ Kh8 19. Re4 gxf6 20. gxf6 N5xf6 21. Rh4 Nxe5 22. Qg5 Ned7 23. Qh6 Bxf3 24. Bxf3 Rg8 25. Be4 Rg7 26. Kg2 Rcg8 27. Rah1 Qe5 28.
Qxh7+ Rxh7 29. Rxh7+ Nxh7 30. Rxh7# 1-0

[Event "*** Biggest EVER Titled Tuesday"]
[Site "Chess.com"]
[Date "2018.04.17"]
[Round "3"]
[White "patzerplay"]
[Black "GameOverBro"]
[Result "1-0"]
[WhiteElo "2318"]
[BlackElo "2450"]
[TimeControl "180+2"]
[EndTime "13:34:48 PDT"]
[Termination "patzerplay won by resignation"]

1. e4 d6 2. d4 Nf6 3. Nc3 e5 4. dxe5 dxe5 5. Qxd8+ Kxd8 6. Bc4 Ke8 7.
Nf3 Bd6 8. Bg5 a6 9. a4 Nbd7 10.
Nh4 g6 11. h3 h6 12. Be3 Bc5 13.
Ke2 c6 14. g3 Bd4 15. Rad1 Bxc3 16. bxc3 Nxe4 17. Kf3 Nxc3 18. Rd6 Nd5 19. Bxd5 cxd5 20. Rxd5 b5 21. Rhd1 Bb7 22. Ke2 Bxd5 23. Rxd5 bxa4 24. Ra5 Ke7 25. Rxa4 Rhc8 26. Ra2 h5 27. Nf3 f6 28.
Nh4 Kf7 29. Nf3 Rc6 30. Nd2 Rac8 31. c4 f5 32. f4 e4 33. Ra5 Nb6 34. c5 Nd5 35.
Nc4 Re6 36. Nd6+ Rxd6 37. cxd6 Rc6 38. Rxd5 Ke8 39. d7+ Kd8 40. Bd4 a5 41. Kd2 a4 42.
Bc3 Ra6 43. Ba5+ Rxa5 44. Rxa5 1-0

[Event "*** Biggest EVER Titled Tuesday"]
[Site "Chess.com"]
[Date "2018.04.17"]
[Round "3"]
[White "martinique24"]
[Black "Martins-BR"]
[Result "0-1"]
[WhiteElo "2317"]
[BlackElo "2230"]
[TimeControl "180+2"]
[EndTime "13:34:48 PDT"]
[Termination "Martins-BR won by resignation"]

1. e4 c5 2. Nf3 e6 3. d4 cxd4 4.
Nxd4 Nc6 5. Nc3 Qc7 6. Be3 a6 7. a3 Nf6 8. f4 d6 9. Qf3 Be7 10. O-O-O O-O 11. Rg1 Bd7 12. g4 b5 13. g5 Ne8 14.
Nxc6 Bxc6 15. f5 exf5 16. Qxf5 g6 17. Qh3 Rc8 18. Bd3 Ng7 19. Bd4 Ne6 20. Bf6 h5 21. Rdf1 Rfe8 22. Be2 Bxe4 23. Bxh5 Bxf6 24. gxf6 d5 25. Bg4 Qe5 26. Bxe6 Rxe6 27. Nxe4 dxe4 28. Kb1 Rc7 29. Qh6 Rxf6 30. Rxf6 Qxf6 31. h4 Rxc2 32. Kxc2 Qf2+ 33. Kb3 Qxg1 34. h5 Qd1+ 35. Ka2 Qxh5 36.
Qe3 Qd5+ 37. Kb1 Qd3+ 0-1

[Event "*** Biggest EVER Titled Tuesday"]
[Site "Chess.com"]
[Date "2018.04.17"]
[Round "3"]
[White "Th3ChessViking"]
[Black "MartinMatthiesen"]
[Result "0-1"]
[WhiteElo "2386"]
[BlackElo "2345"]
[TimeControl "180+2"]
[EndTime "13:34:54 PDT"]
[Termination "MartinMatthiesen won by checkmate"]

1. c4 c5 2. g3 g6 3. Bg2 Bg7 4. Nc3 Nc6 5. d3 e6 6. h4 h6 7. Nh3 Nge7 8. Nf4 Rb8 9. Qd2 a6 10. b3 b5 11. Bb2 d6 12. Ne4 e5 13. Nd5 Nxd5 14. cxd5 Ne7 15. Nc3 b4 16. Nd1 a5 17.
e4 Ba6 18. Ne3 O-O 19. h5 f5 20. hxg6 f4 21. Ng4 Nxg6 22. Nxh6+ Bxh6 23. Rxh6 Kg7 24. Rh5 Rh8 25. Rxh8 Qxh8 26. O-O-O Qh2 27. Bf3 fxg3 28.
Rh1 g2 29. Bxg2 Qxg2 30. Qh6+ Kf6 31. f4 Rh8 32. fxe5+ dxe5 33. Bxe5+ Kxe5 34. Qg7+ Kf4 35. Rxh8 Qf1+ 36. Kb2 Qe2+ 37. Kc1 Qe3+ 38. Kb2 Qd2+ 39. Kb1 Bxd3+ 40. Ka1 Qc1# 0-1

[Event "*** Biggest EVER Titled Tuesday"]
[Site "Chess.com"]
[Date "2018.04.17"]
[Round "3"]
[White "Ginger_GM"]
[Black "JustKid"]
[Result "0-1"]
[WhiteElo "2457"]
[BlackElo "2461"]
[TimeControl "180+2"]
[EndTime "13:34:55 PDT"]
[Termination "JustKid won by resignation"]

1. d4 d5 2. c4 c6 3. Nc3 Nf6 4. Nf3 a6 5. h4 Bf5 6. Bf4 e6 7. e3 Nbd7 8. c5 Be7 9. Bd3 Bxd3 10. Qxd3 b6 11. b4 a5 12. b5 Rc8 13. bxc6 Rxc6 14.
cxb6 Qxb6 15. O-O O-O 16. Rab1 Qa7 17. Nb5 Qa6 18. Nd2 Rfc8 19. a4 Bb4 20. Nb3 Ne4 21. Qd1 h6 22. h5 Nc3 23. Nxc3 Rxc3 24. Nc1 Qc4 25. Qg4 Nf6 26. Qh4 Be7 27. Qh3 Rc2 28. Kh2 Qxf1 29. Rb7 Rxc1 30. Rxe7 Qh1+ 31. Kg3 Nxh5+ 32.
Kf3 Qxh3+ 33. gxh3 Nxf4 34. Kxf4 R1c7 0-1

[Event "*** Biggest EVER Titled Tuesday"]
[Site "Chess.com"]
[Date "2018.04.17"]
[Round "3"]
[White "Arm-Akiba"]
[Black "Abund"]
[Result "1-0"]
[WhiteElo "2662"]
[BlackElo "2468"]
[TimeControl "180+2"]
[EndTime "13:34:56 PDT"]
[Termination "Arm-Akiba won by resignation"]

1. d4 Nf6 2. Nf3 b6 3. c4 e6 4. g3 Ba6 5. b3 Bb4+ 6. Bd2 Be7 7. Bg2 O-O 8. O-O c6 9. Qc2 d5 10. Rd1 Nbd7 11. Bf4 Rc8 12. a4 c5 13. dxc5 Rxc5 14.
Nc3 dxc4 15. b4 Rc8 16. Ne5 Bxb4 17. Nc6 Rxc6 18. Bxc6 Qc8 19. Bg2 Bb7 20. Bxb7 Qxb7 21. Nb5 Rc8 22. Bd6 Ba5 23. Ba3 Qc6 24. Nxa7 Qc7 25.
Nxc8 Qxc8 26. Rac1 c3 27. Rd3 h6 28. Rcd1 Qc6 29. Rd6 Qc7 30. R6d4 g6 31. Bb4 Bxb4 32. Rxb4 Nd5 33. Rbd4 Qc5 34. e4 Nb4 35. Rxb4 Ne5 36.
Rb5 Nf3+ 37. Kg2 Qc4 38. Kxf3 Qa2 39. Qxa2 1-0

[Event "*** Biggest EVER Titled Tuesday"]
[Site "Chess.com"]
[Date "2018.04.17"]
[Round "3"]
[White "Nutflush"]
[Black "Abdodi"]
[Result "1-0"]
[WhiteElo "2034"]
[BlackElo "2027"]
[TimeControl "180+2"]
[EndTime "13:34:58 PDT"]
[Termination "Nutflush won by checkmate"]

1. e4 c6 2. d4 d5 3. Nc3 dxe4 4.
Nxe4 Bf5 5. Ng3 Bg6 6. h4 h6 7.
Nf3 Bh7 8. Bd3 Bxd3 9. Qxd3 Nd7 10. Bf4 Qa5+ 11. Bd2 Qc7 12. O-O-O Ngf6 13. Ne5 Nxe5 14.
dxe5 Nd7 15. e6 Ne5 16. exf7+ Nxf7 17. Rhe1 Rd8 18. Qe4 e5 19. f4 Bc5 20. fxe5 Kf8 21.
Bc3 Bf2 22. Nf5 Bxe1 23. Rxe1 Re8 24. e6 Nd6 25. Bxg7+ Qxg7 26. Nxd6 Re7 27. Nf5 Qf6 28. Nxe7 Kxe7 29. Qb4+ Ke8 30. Qxb7 Kf8 31. e7+ Kf7 32. e8=Q# 1-0

[Event "*** Biggest EVER Titled Tuesday"]
[Site "Chess.com"]
[Date "2018.04.17"]
[Round "3"]
[White "grzechu96"]
[Black "maximlavrov"]
[Result "0-1"]
[WhiteElo "2442"]
[BlackElo "2472"]
[TimeControl "180+2"]
[EndTime "13:34:59 PDT"]
[Termination "maximlavrov won by resignation"]

1. e4 g6 2. d4 Bg7 3. Nc3 d6 4. Be3 a6 5. a4 Nf6 6. h3 O-O 7. Nge2 Nc6 8. g4 e5 9. d5 Nb4 10. a5 c6 11. Ra4 cxd5 12. Rxb4 d4 13. Nxd4 exd4 14. Rxd4 Qxa5 15. Bg2 h5 16. g5 Nh7 17. Rxd6 Be6 18. O-O Nxg5 19. f4 Nh7 20. f5 gxf5 21. exf5 Bc4 22. f6 Qe5 23. Qd4 Qxd4 24. Rxd4 Bxf1 25.
fxg7 Rfe8 26. Kxf1 Rxe3 27. Bxb7 Rb8 28. Bxa6 Rxb2 29.
Bd3 Kxg7 30. h4 Nf6 31. Rf4 Ng4 32. Rf5 Nf6 33. Kf2 Rh3 34. Rf4 Rxd3 35. Ne2 Rxc2 0-1

[Event "*** Biggest EVER Titled Tuesday"]
[Site "Chess.com"]
[Date "2018.04.17"]
[Round "3"]
[White "Wraku89"]
[Black "TheBigBoss04"]
[Result "1-0"]
[WhiteElo "2574"]
[BlackElo "2516"]
[TimeControl "180+2"]
[EndTime "13:35:05 PDT"]
[Termination "Wraku89 won by checkmate"]

1. e4 c5 2. Be2 g6 3. f4 Bg7 4. d3 Nc6 5. Nf3 d6 6. c3 Bg4 7. Na3 Rb8 8. Nc2 b5 9. a3 a5 10. O-O b4 11. axb4 axb4 12. Bd2 e6 13. Ne3 Bxf3 14. Bxf3 Nge7 15. Kh1 Qc7 16. Qe1 bxc3 17.
bxc3 h6 18. Ra2 Na5 19. e5 Nb3 20. Nc4 d5 21. Nd6+ Kf8 22. Be3 Nf5 23. Nxf5 gxf5 24. Qf2 f6 25. d4 c4 26. Qh4 Qe7 27. Bh5 Rg8 28. g4 fxg4 29. f5 exf5 30. Rxf5 Bh8 31. Ra7 Qxa7 32. Rxf6+ Kg7 33. Qxg4+ Kh7 34. Qf5+ Kg7 35.
Bxh6# 1-0

[Event "*** Biggest EVER Titled Tuesday"]
[Site "Chess.com"]
[Date "2018.04.17"]
[Round "3"]
[White "albi1999"]
[Black "pedroholly22"]
[Result "1-0"]
[WhiteElo "2390"]
[BlackElo "2220"]
[TimeControl "180+2"]
[EndTime "13:35:06 PDT"]
[Termination "albi1999 won by checkmate"]

1. d4 g6 2. c4 Bg7 3. g3 d5 4.
cxd5 Qxd5 5. Nf3 Bg4 6. Bg2 Nc6 7. Nc3 Qd8 8. d5 Bxf3 9. Bxf3 Nd4 10. Bg2 h5 11.
O-O Nh6 12. e3 Ndf5 13. Qb3 Rb8 14. Qa4+ Qd7 15. Qxa7 O-O 16. Qa4 b5 17. Qb4 Ng4 18. Rd1 Nd6 19. e4 f5 20. h3 Nxf2 21. Kxf2 h4 22. gxh4 fxe4+ 23. Kg1 Nf5 24. Nxe4 c5 25.
Qe1 Bd4+ 26. Kh1 e6 27. d6 Rf7 28. Bg5 Rbf8 29. Rac1 e5 30. Nxc5 Bxc5 31. Rxc5 Nd4 32. Qxe5 Nf3 33. Qg3 Nxg5 34. Rxg5 Rg7 35. Rxg6 Kh7 36.
Rxg7+ Qxg7 37. Qxg7+ Kxg7 38. d7 Rd8 39. Bc6 b4 40.
Re1 b3 41. axb3 Rh8 42. Re8 Rxh4 43. d8=Q Rxh3+ 44. Kg2 Rg3+ 45. Kxg3 Kf7 46. Bd5+ Kg6 47. Re6+ Kf5 48. Qf6# 1-0

[Event "*** Biggest EVER Titled Tuesday"]
[Site "Chess.com"]
[Date "2018.04.17"]
[Round "3"]
[White "sandager"]
[Black "Blitzking4444"]
[Result "0-1"]
[WhiteElo "1947"]
[BlackElo "1969"]
[TimeControl "180+2"]
[EndTime "13:35:07 PDT"]
[Termination "Blitzking4444 won on time"]

1. e4 e6 2. d4 d5 3. Nc3 Bb4 4. e5 c5 5. a3 Bxc3+ 6. bxc3 Ne7 7. a4 Bd7 8. Nf3 Nbc6 9. Bb5 Na5 10. O-O Bxb5 11.
axb5 Nc4 12. dxc5 O-O 13. Re1 Qc7 14. b6 axb6 15. cxb6 Qxb6 16. Rxa8 Rxa8 17. Bg5 Nc6 18. h4 Ra2 19. h5 h6 20. Bf4 Qb2 21. Nd4 Qxc3 22.
Nb5 Qxc2 23. Qxc2 Rxc2 24. Nd6 Rb2 25. Ra1 N4a5 26. Ne8 b5 27. Bc1 Rc2 28. Nd6 b4 29. Nb5 b3 0-1

[Event "*** Biggest EVER Titled Tuesday"]
[Site "Chess.com"]
[Date "2018.04.17"]
[Round "3"]
[White "gkchesstiger"]
[Black "krzyzan94"]
[Result "1-0"]
[WhiteElo "2814"]
[BlackElo "2597"]
[TimeControl "180+2"]
[EndTime "13:35:09 PDT"]
[Termination "gkchesstiger won by resignation"]

1. d4 Nf6 2. Nf3 g6 3. Bf4 Bg7 4. c3 d6 5. h3 O-O 6. Nbd2 c5 7. dxc5 dxc5 8. e4 Nc6 9. e5 Nd5 10. Bh2 Be6 11. Ne4 Qb6 12. Qb3 Ndb4 13. Qa4 Bf5 14. Nfd2 Nd5 15. Nc4 Qd8 16. Nxc5 Rb8 17. Rd1 b5 18.
Qa6 bxc4 19. Qxc6 e6 20. Bxc4 Rc8 21. Qb5 Qc7 22. Bxd5 exd5 23. Na6 Qc6 24. Qxc6 Rxc6 25. Nb4 Re6 26. O-O Bxe5 27. Bxe5 Rxe5 28. Rfe1 Rfe8 29.
Rxe5 Rxe5 30. Kf1 Be6 31. f3 a5 32. Nc6 Rh5 33. Nd4 Kg7 34. b4 axb4 35. cxb4 Bd7 36.
b5 Rh4 37. a4 h5 38. Kf2 g5 39. b6 Bc8 40. a5 g4 41. Kg3 1-0

[Event "*** Biggest EVER Titled Tuesday"]
[Site "Chess.com"]
[Date "2018.04.17"]
[Round "3"]
[White "ShimanovAlex"]
[Black "Robert_Chessmood"]
[Result "1-0"]
[WhiteElo "2715"]
[BlackElo "2757"]
[TimeControl "180+2"]
[EndTime "13:35:10 PDT"]
[Termination "ShimanovAlex won on time"]

1. Nf3 d5 2. g3 Bg4 3. Bg2 e6 4. c4 c6 5. b3 Nf6 6. O-O Bd6 7.
Bb2 O-O 8. d4 h6 9. Nbd2 Nbd7 10. Rc1 Bf5 11. Re1 Qb8 12. Nh4 Bh7 13. e4 Bb4 14. exd5 cxd5 15. a3 Bxd2 16. Qxd2 Be4 17. Nf3 Rd8 18. c5 a5 19. Bc3 Qc7 20. b4 axb4 21.
axb4 b6 22. b5 Ra4 23. c6 Nf8 24. Ra1 Rda8 25. Rxa4 Rxa4 26. Ra1 Rxa1+ 27. Bxa1 Ne8 28. Qb4 Nd6 29. Bb2 Ng6 30. Ne5 Bxg2 31. Kxg2 Nxe5 32. dxe5 Nc4 33. Bd4 g5 34. Qa4 Nxe5 35. Qa8+ Kh7 36.
Qb7 Qd6 37. c7 Qa3 38. Bxe5 Qd3 39. Qxb6 g4 40. Qe3 Qc4 41. Qf4 1-0